 Dungeon Crawl Stone Soup version 0.26.0-45-g9c1d065592 (webtiles) character file.

Game seed: 10499139340403956984

1423 lasso the Skirmisher (level 8, -9/68 HPs)
             Began as a Grey Draconian Monk on Jan 27, 2021.
             Was a Believer of Sif Muna.
             Killed by an exploding a crimson imp (29 damage)
             ... exploding inner flame
             ... on level 6 of the Dungeon.
             The game lasted 00:09:35 (5867 turns).

lasso the Skirmisher (Grey Draconian Monk)          Turns: 5867, Time: 00:09:36

Health: -9/68      AC: 12    Str: 15    XL:     8   Next: 44%
Magic:  8/12       EV: 15    Int: 12    God:    Sif Muna [**....]
Gold:   318        SH:  0    Dex: 19    Spells: 4/12 levels left

rFire    . . .     SeeInvis .   t - +3 short sword (venom)
rCold    . . .     Faith    .   (no shield)
rNeg     . . .     Spirit   .   (armour unavailable)
rPois    .         Reflect  .   (helmet restricted)
rElec    .         Harm     .   (no cloak)
rCorr    .         Rampage  .   (no gloves)
Will     .....                  x - +0 pair of boots
Stlth    ++........             (no amulet)
HPRegen  0.21/turn              e - +6 ring of dexterity
MPRegen  0.13/turn              v - ring of attention

@: no status effects
A: walk through water, unfitting armour, unbreathing, cold-blooded, AC +11
a: Renounce Religion, Channel Magic


You were on level 6 of the Dungeon.
You worshipped Sif Muna.
Sif Muna was pleased with you.
You visited 2 branches of the dungeon, and saw 7 of its levels.

You collected 318 gold pieces.

Inventory:

Hand Weapons
 a - a +0 spear
 t - a +3 short sword of venom (weapon)
Armour
 q - a +1 buckler
 x - a +0 pair of boots (worn)
Jewellery
 e - a +6 ring of dexterity (left hand)
 m - a +4 ring of evasion
 v - a ring of attention (right hand)
Wands
 r - a wand of random effects (11)
 A - a wand of enslavement (9)
Scrolls
 b - 3 scrolls of teleportation
 c - a scroll of fear
 d - 6 scrolls of identify
 g - a scroll of amnesia
 j - a scroll of enchant weapon
 k - a scroll of remove curse
 y - a scroll of noise {unknown}
Potions
 f - 2 potions of curing
 h - 5 potions of heal wounds
 i - a potion of mutation {unknown}
 l - a potion of experience {unknown}
 n - a potion of ambrosia {unknown}
 o - a potion of lignification {unknown}
 p - 2 potions of attraction {unknown}
 s - a potion of flight {unknown}
 w - 3 potions of brilliance {unknown}
 z - 2 potions of magic {unknown}


   Skills:
 * Level 5.0 Fighting
 + Level 3.0 Short Blades
 + Level 4.6 Polearms
 * Level 4.6 Dodging
 + Level 3.1 Stealth
 * Level 2.9 Shields
 * Level 2.9 Spellcasting
 * Level 2.4 Summonings
 * Level 3.0 Transmutations
 * Level 2.4 Poison Magic


You had 4 spell levels left.
You knew the following spells:

 Your Spells              Type           Power        Failure   Level
a - Beastly Appendage     Tmut           18%          7%          1
b - Wereblood             Tmut           9%           11%         2
c - Spider Form           Tmut/Pois      4%           24%         3
d - Call Imp              Summ           7%           14%         2

Your spell library contained the following spells:

 Spells                   Type           Power        Failure   Level
 Magic Dart               Conj           4%           26%         1
 Blink                    Tloc           N/A          36%         2
 Slow                     Hex            1%           36%         2
 Mephitic Cloud           Conj/Pois/Air  3%           47%         3
 Conjure Flame            Conj/Fire      1%           58%         3
 Ice Form                 Ice/Tmut       5%           78%         4
 Blade Hands              Tmut           4%           89%         5


Dungeon Overview and Level Annotations

Branches:
Dungeon (6/15)             Temple (1/1) D:4

Altars:
Ashenzari
Cheibriados
Dithmenos
Fedhas
Gozag
Hepliaklqana
Kikubaaqudgha
Makhleb
Ru
Sif Muna
Yredelemnul
Zin
The Shining One
Lugonu

Shops:
D:5 [


Innate Abilities, Weirdness & Mutations

You can walk through water.
Your dull iron-grey scales are very hard. (AC +11)
You cannot fit into any form of body armour.
You can survive without breathing.
You are cold-blooded and may be slowed by cold attacks.


Message History

A centaur comes into view.
You completely miss the orc. The orc closely misses you.
You hit the orc.
The orc is poisoned.
The orc is heavily wounded.
The centaur wields a +3 shortbow.
The centaur shoots an arrow.
The arrow misses you. The orc misses you.
You kill the orc!
Sif Muna accepts your kill.
You start resting.
The centaur shoots an arrow.
The arrow barely misses your crimson imp.
The arrow hits you.
* * * LOW HITPOINT WARNING * * *
A centaur is nearby!
The centaur shoots an arrow.
The arrow misses your crimson imp. The arrow closely misses you.
The centaur shoots an arrow.
The arrow hits your crimson imp!
Your crimson imp explodes!
The fiery explosion engulfs you!!
You die...

....$....#
#....?..#
#.).....######
#.....†......#
#........c...#
##c#+##<......+
#..§§###......#
###.#§###......#
+....@§.........
#####.###.######
#.# .# #.# .#
#.# .# #.. ###


You could see a centaur.

Vanquished Creatures
  Pikel (D:5)
  Sigmund (D:3)
  Edmund (D:5)
  An ogre (D:4)
  A lemure (D:5)
  A bullfrog (D:5)
  2 hounds (D:5)
  4 orc priests
  2 bullfrog skeletons
  2 centaur skeletons
  A worker ant (D:4)
  Natasha (twice) (D:3)
  Ijyb (D:5)
  7 adders
  A howler monkey skeleton (D:5)
  An ooze (D:3)
  4 worms
  A dart slug (D:2)
  4 leopard geckos
  13 orcs
  6 giant cockroaches
  4 goblins
  3 hobgoblins
  3 jackals (D:2)
  3 quokkas
  4 bats
  5 frilled lizards
  9 kobolds
  A quokka skeleton (D:5)
  6 rats
95 creatures vanquished.

Vanquished Creatures (collateral kills)
  An adder (D:6)
1 creature vanquished.

Grand Total: 96 creatures vanquished

Notes
Turn   | Place    | Note
-------+----------+-------------------------------------------
     0 | D:1      | lasso the Draconian Monk began the quest for the Orb.
     0 | D:1      | Reached XP level 1. HP: 19/19 MP: 1/1
   236 | D:1      | Reached XP level 2. HP: 26/26 MP: 2/2
   837 | D:2      | Reached XP level 3. HP: 19/33 MP: 2/4
  1221 | D:2      | Found a burning altar of Makhleb.
  1530 | D:2      | Learned a level 1 spell: Beastly Appendage
  1533 | D:2      | Learned a level 2 spell: Wereblood
  2172 | D:3      | Reached skill level 1 in Spellcasting
  2191 | D:3      | Found an opulent altar of Gozag.
  2264 | D:3      | Reached XP level 4. HP: 33/40 MP: 5/5
  2641 | D:3      | Noticed Sigmund
  2659 | D:3      | Killed Sigmund
  2660 | D:3      | Reached skill level 4 in Fighting
  2660 | D:3      | Reached skill level 1 in Shields
  2660 | D:3      | Reached skill level 1 in Transmutations
  2660 | D:3      | Reached XP level 5. HP: 43/46 MP: 3/7
  2665 | D:3      | Learned a level 3 spell: Spider Form
  2993 | D:3      | Noticed Natasha
  3004 | D:3      | Killed Natasha
  3005 | D:3      | Reached XP level 6. HP: 31/52 MP: 6/8
  3209 | D:3      | Learned a level 2 spell: Call Imp
  3374 | D:3      | Noticed Natasha
  3380 | D:3      | Killed Natasha
  3718 | D:4      | Reached skill level 1 in Poison Magic
  3746 | D:4      | Found a broken altar of Ashenzari.
  3808 | D:4      | Your scales start taking on a dull iron-grey colour.
  3808 | D:4      | Reached XP level 7. HP: 60/60 MP: 8/10
  3808 | D:4      | Gained mutation: You can survive without breathing. [Grey
                  | Draconian growth]
  4043 | D:4      | Reached skill level 1 in Summonings
  4165 | D:4      | Found a staircase to the Ecumenical Temple.
  4180 | Temple   | Entered the Ecumenical Temple
  4233 | Temple   | Became a worshipper of Sif Muna the Loreminder
  4233 | Temple   | Reached * piety under Sif Muna
  4233 | Temple   | Reached ** piety under Sif Muna
  4336 | D:5      | Entered Level 5 of the Dungeon
  4401 | D:5      | Found a snail-covered altar of Cheibriados.
  4543 | D:5      | Found a shadowy altar of Dithmenos.
  4581 | D:5      | Found Vemugr Qiuts's Antique Armour Emporium.
  4731 | D:5      | Reached skill level 1 in Short Blades
  4731 | D:5      | Noticed Edmund
  4747 | D:5      | Killed Edmund
  5072 | D:5      | Noticed Ijyb
  5082 | D:5      | Killed Ijyb
  5083 | D:5      | Found a shadowy altar of Dithmenos.
  5225 | D:5      | Noticed Pikel
  5250 | D:5      | Killed Pikel
  5251 | D:5      | Reached skill level 5 in Fighting
  5251 | D:5      | Reached XP level 8. HP: 51/68 MP: 10/12
  5867 | D:6      | Killed by an exploding a crimson imp... exploding inner
                  | flame

Illustrated notes

Levels and vault maps discovered:
D:1:      scummos_arrival_hexagon, layout_loops_ring, minmay_indecisive_spiral
D:2:      layout_basic, general_overflow_altar
D:3:      layout_basic, lemuel_round_altar, kennysheep_nondescript,
          uniq_sigmund, uniq_natasha
D:4:      layout_gridville, nicolae_ashenzari_panopticon, temple_statues
D:5:      layout_basic, overflow_temple_1_default, old_standard_altar,
          serial_shops, nicolae_shop_trees, serial_bayou_pond_b,
          grunt_dithmenos_smoke, uniq_pikel, uniq_edmund, uniq_ijyb
D:6:      layout_basic, tgw_trog, basic_altar, enter_ossuary_3,
          gup_sewer_entry_glass, grunt_ministairs_10
Temple:   corrupted_temple

Skill      XL: |  1  2  3  4  5  6  7  8 |
---------------+-------------------------+-----
Dodging        | 3 4 |  4.6
Stealth        | 2 3 |  3.1
Spellcasting   | 1 2 |  2.9
Fighting       | 4 5 |  5.0
Polearms       | 4 |  4.6
Shields        | 1 2 |  2.9
Transmutations | 1 2 3 |  3.0
Poison Magic   | 1 2 |  2.4
Summonings     | 2 |  2.4
Short Blades   | 3 |  3.0

Action                   |  1- 3 |  4- 6 |  7- 9 || total
-------------------------+-------+-------+-------++-------
Melee: Spear             |   171 |   117 |       ||   288
       Tailslap          |    27 |    18 |    30 ||    75
       Kick              |     2 |     3 |       ||     5
       Headbutt          |     1 |       |       ||     1
       Short sword       |       |    25 |   120 ||   145
 Cast: Beastly Appendage |     2 |     2 |       ||     4
       Wereblood         |       |     4 |     1 ||     5
       Call Imp          |       |       |     5 ||     5
  Use: Scroll            |       |       |    10 ||    10
 Stab: Sleeping          |    13 |     1 |     2 ||    16
Armor: Skin              |    29 |    19 |    31 ||    79
Dodge: Dodged            |    94 |   107 |    81 ||   282
